 Dungeon Sprint DCSS version 0.31-a0-662-g684573625c (webtiles) character file.

Game seed: 7225823007965735537

1226 sircluck the Grappler (level 8, -1/92 HPs)
             Began as a Troll Berserker on Sept 1, 2023.
             Was an Elder of Trog.
             Slain by Sonja
             ... wielding a +2 short sword of distortion
              (5 damage)
             ... in the Dungeon (Sprint I: "Red Sonja").
             The game lasted 00:01:06 (261 turns).

sircluck the Grappler (Troll Berserker)              Turns: 261, Time: 00:01:07

Health: -1/92      AC:  4    Str: 28    XL:     8   Next: 23%
Magic:  7/7        EV: 12    Int:  3    God:    Trog [****..]
Gold:   191        SH:  0    Dex:  9    Spells: 7/7 levels left

rFire   . .          .
                       - Unarmed
rCold   . . .        (no shield)
rNeg    . . .        a - +0 animal skin
rPois   .            (helmet restricted)
rElec   .            (no cloak)
rCorr   .            (gloves unavailable)
SInv    .            (boots unavailable)
Will    .....        (no amulet)
Stlth   +            (no ring)
HPRegen 1.15/turn    (no ring)
MPRegen 0.10/turn

%: no teleportation
@: lethally poisoned (-1 -> -3), slowed, very slow
A: large, unfitting armour, claws 3, regeneration 1, shaggy fur 1, tough skin 1
a: Renounce Religion, Berserk, Trog's Hand, Brothers in Arms


You were in the Dungeon.
You worshipped Trog.
Trog was greatly pleased with you.
You visited 1 branch You collected 405 gold pieces.
You spent 214 gold pieces at shops.

Inventory:

Armour
 a - a +0 animal skin (worn)
Wands
 h - a wand of acid (13)
Scrolls
 g - a scroll of blinking
 j - a scroll of silence
Potions
 b - a potion of curing
 c - a potion of heal wounds
 d - a potion of haste
 e - 2 potions of magic
 f - a potion of berserk rage
 i - a potion of resistance


   Skills:
 + Level 9.4 Fighting
 + Level 9.2 Dodging
 + Level 11.0 Unarmed Combat


You had 7 spell levels left.
You didn't know any spells.
Your spell library was empty.

Dungeon Overview and Level Annotations

Branches:
Dungeon (1/1)

Altars:
Cheibriados
Dithmenos
Elyvilon
Fedhas
Gozag
Hepliaklqana
Kikubaaqudgha
Makhleb
Nemelex Xobeh
Okawaru
Qazlal
Ru
Sif Muna
Trog
Uskayaw
Vehumet
Wu Jian
Xom
Yredelemnul
Zin
The Shining One
Jiyva
Lugonu

Shops:
D *

Annotations:
D Sonja


Innate Abilities, Weirdness & Mutations

You are too large for most types of armour.
You have claws for hands.
Your natural rate of healing is unusually fast.
You are covered in fur. (AC +1)
You have tough skin. (AC +1)


Message History

Sonja gestures wildly while chanting.
Sonja blinks!
Sonja casts a spell.
Sonja blinks!
There is an open door here.
No target in view!
No target in view!
Sonja throws a curare-tipped dart.
The curare-tipped dart hits you.
You are poisoned.
You have difficulty breathing.
You feel yourself slow down.
You feel very sick.
Sonja zaps a wand.
You resist with some effort.
Sonja zaps a wand.
You resist with some effort.
There is an open door here.
You miss Sonja.
You feel very sick.
Sonja hits you with a +2 short sword of distortion!
Sonja misses you. Sonja hits you but does no damage.
Space warps horribly around you. Sonja closely misses you.
Sonja hits you with a +2 short sword of distortion.
Space warps horribly around you!
Sonja hits you with a +2 short sword of distortion.
Space warps horribly around you!
* * * LOW HITPOINT WARNING * * *
You are too injured to fight recklessly!
You claw Sonja!
Sonja is heavily wounded.
You feel sick.
Sonja hits you with a +2 short sword of distortion!
* * * LOW HITPOINT WARNING * * *
Space warps around you.
* * * LOW HITPOINT WARNING * * *
Sonja hits you with a +2 short sword of distortion.
* * * LOW HITPOINT WARNING * * *
Space warps around you.
* * * LOW HITPOINT WARNING * * *
Sonja hits you with a +2 short sword of distortion.
* * * LOW HITPOINT WARNING * * *
Space warps horribly around you.
You die...

##########################
#<.#..').#..'..#__#..'.).#
#..').#..').#..'..'..#)..#
#..#####'#####'#__####...+
#..####..#...#)#### #####
#..#__####.K##)#
#..#_____##@#_.+
#⌠⌠#_.∩...†..._#
####_..__##_.#'#
#_____###'#)# #######
#.### $.$ #$.$# ##.## #+#


You could see Sonja.

Vanquished Creatures
  2 kobold demonologists (D)
  Sigmund (D)
  A slime creature (D)
  A yak (D)
  A floating eye (D)
  An ogre (D)
  A jelly (D)
  Ijyb (D)
9 creatures vanquished.

Notes
Turn   | Place    | Note
-------+----------+-------------------------------------------
     0 | D        | sircluck the Troll Berserker began the quest for the Orb.
     0 | D        | Reached XP level 1. HP: 22/22 MP: 0/0
     1 | D        | Noticed Ijyb
    10 | D        | Killed Ijyb
    11 | D        | Reached skill level 4 in Unarmed Combat
    11 | D        | Reached XP level 2. HP: 15/32 MP: 1/1
    28 | D        | Noticed an ogre
    32 | D        | Killed an ogre
    33 | D        | Reached skill level 5 in Fighting
    33 | D        | Reached skill level 5 in Dodging
    33 | D        | Reached skill level 6 in Unarmed Combat
    33 | D        | Reached XP level 3. HP: 42/42 MP: 2/2
    33 | D        | Reached XP level 4. HP: 50/50 MP: 3/3
    43 | D        | Noticed Sigmund
    56 | D        | Killed Sigmund
    56 | D        | Reached ** piety under Trog
    57 | D        | Reached skill level 7 in Unarmed Combat
    57 | D        | Reached XP level 5. HP: 15/61 MP: 4/4
    57 | D        | Reached XP level 6. HP: 17/68 MP: 5/5
   123 | D        | Found an ornate altar of the Wu Jian Council.
   123 | D        | Found a shimmering blue altar of Sif Muna.
   124 | D        | Found a burning altar of Makhleb.
   124 | D        | Found a viscous altar of Jiyva.
   124 | D        | Found a shimmering altar of Xom.
   124 | D        | Found a corrupted altar of Lugonu.
   124 | D        | Noticed a slime creature
   134 | D        | Killed a slime creature
   135 | D        | Reached skill level 8 in Unarmed Combat
   136 | D        | Reached skill level 9 in Unarmed Combat
   138 | D        | Found a radiant altar of Vehumet.
   173 | D        | Found Recoutal's General Store.
   173 | D        | Found an ancient bone altar of Kikubaaqudgha.
   173 | D        | Found a hazy altar of Hepliaklqana.
   173 | D        | Found a hide-covered altar of Uskayaw.
   173 | D        | Found a basalt altar of Yredelemnul.
   173 | D        | Found an opulent altar of Gozag.
   173 | D        | Found a snail-covered altar of Cheibriados.
   173 | D        | Found a sacrificial altar of Ru.
   173 | D        | Found a shadowy altar of Dithmenos.
   173 | D        | Noticed a yak
   176 | D        | Killed a yak
   176 | D        | Reached *** piety under Trog
   177 | D        | Reached XP level 7. HP: 76/80 MP: 6/6
   180 | D        | Found a stormy altar of Qazlal.
   180 | D        | Found a blossoming altar of Fedhas.
   180 | D        | Found a bloodstained altar of Trog.
   180 | D        | Found an iron altar of Okawaru.
   180 | D        | Found a glowing golden altar of the Shining One.
   180 | D        | Found a glowing silver altar of Zin.
   180 | D        | Found a white marble altar of Elyvilon.
   181 | D        | Found a sparkling altar of Nemelex Xobeh.
   185 | D        | Bought a potion of resistance for 110 gold pieces
   185 | D        | Bought a scroll of silence for 104 gold pieces
   218 | D        | Noticed a kobold demonologist
   218 | D        | Noticed a kobold demonologist
   219 | D        | Paralysed by a floating eye for 2 turns
   222 | D        | Killed a kobold demonologist
   223 | D        | Reached skill level 10 in Unarmed Combat
   225 | D        | Noticed a red devil
   226 | D        | Noticed a rust devil
   230 | D        | Killed a kobold demonologist
   230 | D        | Reached **** piety under Trog
   231 | D        | Reached skill level 11 in Unarmed Combat
   231 | D        | Reached XP level 8. HP: 63/92 MP: 7/7
   255 | D        | Noticed Sonja
   261 | D        | HP: 4/92 [Sonja/+2 short sword of distortion (6)]
   261 | D        | Slain by Sonja

Illustrated notes

Levels and vault maps discovered:
D:        dungeon_sprint_1 [red_sonja_temple_1, red_sonja_temple_small_1]

Skill      XL: |  1  2  3  4  5  6  7 |
---------------+----------------------+-----
Fighting       | 3 5 6 8 9 |  9.4
Dodging        | 3 5 6 8 9 |  9.2
Unarmed Combat | 4 6 7 9 11 | 11.0

Action                     |  1- 3 |  4- 6 |  7- 9 || total
---------------------------+-------+-------+-------++-------
  Melee: Unarmed           |    11 |    18 |    11 ||    40
         Punch             |       |     1 |       ||     1
 Invoke: Berserk           |       |     1 |       ||     1
 Armour: Animal skin       |     4 |     9 |    16 ||    29
  Dodge: Dodged            |     4 |     6 |     6 ||    16

Table legend: (Time is in decaauts)
 A = Elapsed time spent in this place.
 B = Non-inter-level travel time spent in this place.
 C = Inter-level travel time spent in this place.
 D = Time resting spent in this place.
 E = Time spent auto-exploring this place.
 F = Levels seen in this place.
 G = Mean time per level.
                   A        B        C        D        E       F      G
               +--------+--------+--------+--------+--------+-----+--------+
         Total |    269 |    256 |     13 |     31 |     83 |   1 |  269.0 |
       Dungeon |    269 |    256 |     13 |     31 |     83 |   1 |  269.0 |
               +--------+--------+--------+--------+--------+-----+--------+

Top non-repeatable levels by time:
       D: 269 daAuts
